 Dungeon Crawl Stone Soup version 0.29.0-11-gd7f09526c8 (webtiles) character file.

Game seed: 13304275909520468938

93 Powertoast the Charlatan (level 4, 0/33 HPs)
             Began as a Human Artificer on Sept 2, 2022.
             Was an Initiate of Fedhas.
             Slain by a kobold
             ... wielding a +0 club
              (1 damage)
             ... on level 3 of the Dungeon.
             The game lasted 00:21:25 (3122 turns).

Powertoast the Charlatan (Human Artificer)          Turns: 3122, Time: 00:21:25

Health: 0/33       AC: 10    Str: 12    XL:     4   Next: 91%
Magic:  5/5        EV:  5    Int: 14    God:    Fedhas [......]
Gold:   98         SH:  0    Dex: 13    Spells: 4/4 levels left

rFire   . . .      SeeInvis .   a - +0 hand axe
rCold   . . .      Faith    .   (no shield)
rNeg    . . .      Spirit   .   q - +0 chain mail
rPois   .          Reflect  .   (no helmet)
rElec   .          Harm     .   f - +0 cloak
rCorr   .          Rampage  .   (no gloves)
Will    .....                   (no boots)
Stlth   ..........              (no amulet)
HPRegen 0.11/turn               (no ring)
MPRegen 0.09/turn               (no ring)

@: no status effects
A: no striking features
a: Renounce Religion


You were on level 3 of the Dungeon.
You worshipped Fedhas.
Fedhas was noncommittal.
You visited 1 branch of the dungeon, and saw 3 of its levels.

You collected 98 gold pieces.

Inventory:

Hand Weapons
 a - a +0 hand axe (weapon)
 b - a +0 sling
 i - a +0 club
 y - a +0 dagger
Missiles
 m - 5 boomerangs
Armour
 f - a +0 cloak (worn)
 g - a +0 ring mail
 h - a +0 leather armour
 q - a +0 chain mail (worn)
Wands
 c - a wand of flame (12) (quivered)
 d - a wand of charming (15)
 e - a wand of iceblast (5)
Scrolls
 j - a scroll of fear {unknown}
 l - a scroll of blinking {unknown}
 p - 2 scrolls of teleportation {unknown}
 r - 2 scrolls of vulnerability {unknown}
 u - a scroll of brand weapon {unknown}
 v - a scroll of identify {unknown}
 A - a scroll of enchant weapon {unknown}
Potions
 k - a potion of attraction {unknown}
 n - a potion of ambrosia {unknown}
 o - 3 potions of curing {unknown}
 s - a potion of haste {unknown}
 t - 2 potions of heal wounds {unknown}
 w - a potion of lignification {unknown}
 x - a potion of cancellation {unknown}
 z - 2 potions of berserk rage {unknown}


   Skills:
 + Level 1.7 Fighting
 + Level 0.4 Short Blades
 - Level 1.0 Axes
 - Level 0.2 Ranged Weapons
 + Level 2.4 Armour
 + Level 1.7 Dodging
 - Level 2.0 Stealth
 + Level 0.7 Spellcasting
 + Level 3.4 Evocations


You had 4 spell levels left.
You didn't know any spells.
Your spell library contained the following spells:

 Spells                   Type           Power      Damage    Failure   Level
 Slow                     Hex            0%         N/A       100%        1
 Confusing Touch          Hex            0%         N/A       100%        3
 Vampiric Draining        Necr           0%         2d6       100%        3


Dungeon Overview and Level Annotations

Branches:
Dungeon (3/15)

Altars:
Fedhas

Annotations:
D:2 Sigmund


Message History

The adder bites you.
You are poisoned.
The adder poisons you! The adder bites you.
You miss the adder.
The adder is severely wounded.
You feel sick. The adder bites you but does no damage.
The adder completely misses you.
You miss the adder.
The adder is severely wounded.
You feel sick. The adder bites you but does no damage.
You closely miss the adder.
The adder is severely wounded.
You feel sick. The adder bites you.
You are more poisoned.
The adder poisons you! The adder bites you but does no damage.
You barely miss the adder.
The adder is severely wounded.
You feel sick.
The adder bites you but does no damage. x2
You closely miss the adder.
The adder is severely wounded.
You feel sick. The adder bites you but does no damage.
You hit the adder.
You kill the adder!
Fedhas appreciates your contribution to the ecosystem.
You feel sick.
You hit the kobold but do no damage.
You feel sick. The kobold hits you but does no damage.
The kobold completely misses you.
You closely miss the kobold.
You feel sick. The kobold hits you with a +0 club.
* * * LOW HITPOINT WARNING * * *
* * * LOW HITPOINT WARNING * * *
You feel sick.
You are no longer poisoned.
Okay, then.
Found 5 poisoned darts.
The kobold attacks as you move away! The kobold hits you but does no damage.
The kobold attacks as you move away! The kobold hits you with a +0 club.
* * * LOW HITPOINT WARNING * * *
The kobold attacks as you move away! The kobold hits you with a +0 club.
You die...
Fedhas appreciates your contribution to the ecosystem.

###.#......#...)......#
....#.....[#..........###.#
#####......+..............#
# #......#.########.#...[...
#####.......)....#
#.#.......
##.#.......#.###.#
#.#.#.)##.
##.#.......#.....# #.#.#..#
##.'.......+.†...####......#
##.#.......###..@Kg.....#.##
...#####+###.....##.........
...'.....###..>####.#####..#
...####........# #.# ..#
...# #.####...####.# .# ...#
#.<......~~~~~~ ( ...#
##)...#~~~~≈≈≈≈≈
..####...#~~~≈≈≈≈≈≈≈≈
........~~~≈≈≈≈≈~~~~~


You could see a hobgoblin and a kobold.

Vanquished Creatures
  Ijyb (D:3)
  A gnoll (D:1)
  2 adders
  A worm (D:2)
  A dart slug (D:3)
  An orc (D:3)
  2 ball pythons
  4 endoplasms
  3 giant cockroaches
  2 goblins (D:1)
  4 hobgoblins
  2 jackals (D:3)
  A quokka (D:2)
  2 bats (D:1)
  A frilled lizard (D:2)
  4 kobolds
  A rat (D:3)
33 creatures vanquished.

Vanquished Creatures (others)
  2 plants (D:3)
2 creatures vanquished.

Grand Total: 35 creatures vanquished

Notes
Turn   | Place    | Note
-------+----------+-------------------------------------------
     0 | D:1      | Powertoast the Human Artificer began the quest for the Orb.
     0 | D:1      | Reached XP level 1. HP: 15/15 MP: 1/1
   137 | D:1      | Reached XP level 2. HP: 9/21 MP: 2/2
   779 | D:1      | Reached XP level 3. HP: 26/26 MP: 3/3
   787 | D:1      | Found a faded altar of an unknown god.
  1571 | D:2      | Identified the +1 leather armour "Tuduphoc" {rN+}
  2174 | D:2      | Noticed Sigmund
  2422 | D:3      | Found a blossoming altar of Fedhas.
  2435 | D:3      | Reached XP level 4. HP: 24/32 MP: 4/4
  2436 | D:3      | Became a worshipper of Fedhas Madash
  2943 | D:3      | Noticed Ijyb
  2974 | D:3      | Killed Ijyb
  2975 | D:3      | Reached skill level 1 in Axes
  3113 | D:3      | HP: 1/33 [poisoned by an adder]
  3121 | D:3      | HP: 1/33 [kobold/+0 club (1)]
  3122 | D:3      | Slain by a kobold

Illustrated notes

Levels and vault maps discovered:
D:1:      ncdulo_watergridlock, layout_basic,
          shapermc_ecumenical_altar_mp_ritualfount, kennysheep_nondescript
D:2:      layout_basic, uniq_sigmund
D:3:      wander_river, layout_basic, fedhas_altar_1,
          gammafunk_ghost_nasty_kobolds, uniq_ijyb, uniq_crazy_yiuf_cottage

Skill      XL: |  1  2  3  4 |
---------------+-------------+-----
Stealth        | 2 |  2.0
Axes           | 1 |  1.0
Fighting       | |  1.7
Short Blades   | |  0.4
Ranged Weapons | |  0.2
Armour         | |  2.4
Dodging        | |  1.7
Spellcasting   | |  0.7
Evocations     | |  3.4

Action                   |  1- 3 |  4- 6 || total
-------------------------+-------+-------++-------
Melee: Club              |    11 |       ||    11
       Hand axe          |    91 |    52 ||   143
       Punch             |     1 |       ||     1
       Dagger            |       |     8 ||     8
 Fire: Sling             |    29 |     4 ||    33
Evoke: Wand              |       |     3 ||     3
 Stab: Sleeping          |     1 |       ||     1
Armor: Ring mail         |    13 |       ||    13
       Chain mail        |    53 |    29 ||    82
       Leather armour    |     5 |    10 ||    15
Dodge: Dodged            |    38 |    47 ||    85
